Map: Selva profunda EE

Players

ThorEGo

  • Race: Terran Terran
  • League: Platinum
  • Spawn Location: 3:00

DarkLeont

  • Race: Protoss Protoss
  • League: Silver
  • Spawn Location: 1:00

Liqueprime

  • Race: Zerg Zerg
  • Spawn Location: 1:00

TATORREA - Winner!

  • Race: Protoss Protoss
  • League: Gold
  • Spawn Location: 7:00

tigro - Winner!

  • Race: Terran Terran
  • League: Bronze
  • Spawn Location: 7:00

MrFercho - Winner!

  • Race: Zerg Zerg
  • League: Gold
  • Spawn Location: 7:00

VOD

Have the link to the VOD?

Description

Time

  • Played on: July 30, 2020, 7:48 p.m.
  • Length: 9:45
Show
View Real Time Build Order
Export as new Build Order

ThorEGo Terran 

Build Orders:  

Get SALT Encoding   

  12  0:12  SCV  
  13  0:22  Supply Depot  
  13  0:35  SCV  
  14  0:52  Barracks  
  14  0:53  Barracks  
  14  0:56  SCV  
  15  1:08  SCV  
  16  1:17  Supply Depot  
  16  1:20  SCV  
  17  1:29  Barracks  
  17  1:35  SCV  
  18  1:42  Marine x2  
  20  1:49  SCV  
  21  2:00  Marine x2  
  23  2:01  SCV  
  24  2:12  Supply Depot  
  24  2:14  SCV  
  25  2:16  Marine  
  25  2:18  Marine  
  25  2:20  Marine  
  28  2:36  Marine  
  29  2:38  Marine  
  30  2:47  Bunker  
  30  2:53  Marine  
  30  2:56  Marine  
  30  3:11  Marine  
  29  3:13  Marine  
  29  3:22  SCV  
  28  3:29  Marine  
  28  3:31  Marine  
  30  3:38  Command Center  
  30  3:47  Marine  
  31  3:49  Marine  
  27  4:05  Marine  
  27  4:07  Marine  
  27  4:09  Refinery  
  29  4:11  Refinery  
  29  4:12  Orbital Command  
  29  4:22  Marine  
  30  4:25  Marine  
  30  4:30  Supply Depot  
  31  4:39  Supply Depot  
  31  4:40  Marine  
  31  4:42  Marine  
  33  4:46  Engineering Bay  
  33  4:48  Barracks Tech Lab  
  33  4:52  SCV x2  
  35  4:58  Marine  
  36  5:00  Marine  
  36  5:04  SCV  
  38  5:07  Orbital Command  
  38  5:16  Marine, Factory  
  38  5:18  Marine  
  38  5:21  Combat Shield  
  40  5:53  SCV x2  
  42  6:00  Factory Tech Lab  
  42  6:02  Starport  
  42  6:06  SCV x2  
  42  6:09  Refinery  
  44  6:12  Refinery  
  44  6:19  SCV x2  
  46  6:31  SCV x2  
  32  6:47  Siege Tank  
  32  6:51  Medivac  
  37  6:56  SCV x2  
  39  7:08  Supply Depot  
  39  7:09  Supply Depot  
  39  7:11  Missile Turret  
  39  7:12  SCV x2  
  41  7:16  Stimpack  
  41  7:22  Barracks, Siege Tank  
  44  7:36  Medivac  
  46  7:38  SCV x2  
  48  7:58  Barracks Reactor  
  48  8:06  Medivac  
  48  8:11  Barracks Reactor  
  48  8:12  Barracks Reactor  
  50  8:18  Siege Tank  
  53  8:20  Marine  
  54  8:36  Liberator  
  54  8:38  Marine  
  54  8:40  Marine x2  
  60  8:47  SCV x2  
  62  8:50  Marine x4, Siege Tank  
  69  8:56  Marine  
  69  8:58  Marine x2  
  69  8:59  SCV  
  70  9:08  Marine x4  
  65  9:13  Marine  
Show
View Real Time Build Order
Export as new Build Order

DarkLeont Protoss 

Build Orders:  

Get SALT Encoding   

  12  0:01  Probe  
  13  0:15  Probe  
  14  0:27  Probe  
  15  0:32  Pylon  
  15  0:50  Probe (Chrono Boost), Assimilator  
  16  1:02  Probe (Chrono Boost)  
  17  1:07  Probe (Chrono Boost), Pylon  
  18  1:13  Forge  
  18  1:16  Probe (Chrono Boost)  
  19  1:28  Probe (Chrono Boost), Gateway  
  20  1:33  Probe (Chrono Boost)  
  20  1:39  Gateway  
  21  1:53  Photon Cannon  
  21  1:56  Pylon  
  21  2:06  Probe  
  22  2:10  Assimilator  
  22  2:20  Zealot (Chrono Boost)  
  24  2:25  Photon Cannon  
  24  2:26  Probe  
  25  2:32  Zealot (Chrono Boost)  
  27  2:38  Probe  
  28  2:51  Zealot  
  30  3:00  Zealot  
  32  3:12  Pylon  
  32  3:22  Zealot  
  34  3:28  Zealot  
  36  3:46  Cybernetics Core  
  28  4:13  Photon Cannon  
  28  4:16  Photon Cannon  
  28  4:18  Zealot x2  
  32  4:29  Shield Battery  
  32  4:32  Warp Gate (Chrono Boost)  
  32  4:50  Gateway  
  32  4:52  Nexus, Gateway  
  32  4:53  Stalker  
  32  4:56  Sentry  
  36  5:13  Probe  
  37  5:15  Protoss Shields Level 1  
  37  5:19  Shield Battery  
  37  5:23  Photon Cannon  
  37  6:00  Probe  
  38  6:19  Stalker  
  38  6:20  Stalker  
  38  6:21  Stalker  
  44  6:36  Pylon  
  44  6:39  Probe  
  45  6:42  Probe  
  46  6:51  Probe  
  47  6:54  Probe  
  48  7:02  Stalker x2  
  48  7:03  Probe, Stalker x2  
  48  7:06  Probe  
  57  7:15  Probe  
  57  7:18  Probe  
  48  7:27  Probe  
  41  7:30  Probe, Stalker x3  
  46  7:39  Probe  
  46  7:42  Probe  
  37  7:55  Probe  
  37  8:07  Stalker x2  
  40  8:14  Photon Cannon  
  40  8:18  Shield Battery  
  40  8:43  Photon Cannon  
  37  9:16  Stalker  
Show
View Real Time Build Order
Export as new Build Order

Liqueprime Zerg 

Build Orders: 3 Hatch before Pool 

Get SALT Encoding   

  12  0:10  Drone x2  
  14  0:29  Overlord  
  14  0:48  Drone x2  
  14  0:49  Drone  
  17  1:14  Drone x2  
  17  1:18  Hatchery  
  18  1:25  Hatchery  
  18  1:26  Drone  
  19  1:34  Spawning Pool  
  19  1:35  Drone, Extractor  
  18  1:49  Drone  
  19  2:05  Overlord  
  19  2:06  Drone  
  20  2:28  Zergling x4  
  22  2:37  Queen  
  22  2:39  Zergling x2  
  22  2:41  Metabolic Boost  
  25  2:48  Zergling x2  
  26  2:57  Zergling x4  
  28  3:05  Zergling x2  
  29  3:10  Zergling x4  
  29  3:11  Queen  
  33  3:18  Zergling x2  
  34  3:23  Zergling x2  
  34  3:25  Zergling x2, Roach Warren  
  33  3:39  Zergling x2  
  33  3:43  Zergling x2  
  27  3:56  Zergling x2  
  27  3:57  Zergling x8  
  27  3:58  Zergling x2  
  32  4:09  Zergling x2  
  33  4:10  Zergling x2  
  33  4:20  Zergling x2  
  34  4:26  Drone  
  34  4:36  Roach  
  36  4:43  Spine Crawler  
  30  4:47  Roach x2  
  34  4:53  Roach  
  36  5:07  Roach  
  36  5:12  Overlord  
  36  5:23  Extractor  
  29  5:30  Roach x4  
  27  5:49  Drone x4  
  32  5:50  Drone x2  
  25  6:12  Lair  
  25  6:16  Drone x3  
  25  6:17  Hatchery  
  27  6:47  Hatchery  
  26  7:00  Drone x3  
  29  7:07  Overlord  
  29  7:14  Spire  
  28  7:23  Zergling x2  
  28  7:29  Spine Crawler  
  28  7:31  Spine Crawler  
  28  7:35  Spine Crawler  
  28  7:36  Zergling x2  
  26  7:37  Zergling x6  
  21  7:48  Zergling x2  
  14  7:56  Zergling x6  
  9  8:01  Roach  
  6  8:16  Roach x3  
Show
View Real Time Build Order
Export as new Build Order

TATORREA Protoss - Winner!

Build Orders:  

Get SALT Encoding   

  12  0:04  Probe  
  13  0:16  Probe  
  14  0:28  Pylon  
  14  0:29  Probe  
  15  0:46  Probe  
  16  0:53  Gateway  
  16  0:58  Probe  
  17  1:10  Probe  
  18  1:15  Assimilator  
  18  1:17  Pylon  
  18  1:21  Pylon  
  18  1:23  Probe (Chrono Boost)  
  19  1:32  Gateway  
  20  1:33  Probe (Chrono Boost)  
  20  1:38  Probe (Chrono Boost)  
  21  1:42  Assimilator  
  21  1:49  Probe  
  22  2:01  Probe  
  23  2:13  Cybernetics Core, Probe  
  24  2:22  Zealot, Gateway  
  26  2:25  Zealot, Gateway  
  28  2:51  Stalker x2 (Chrono Boost)  
  28  2:55  Warp Gate  
  36  3:19  Stalker x2 (Chrono Boost)  
  38  3:23  Stalker (Chrono Boost)  
  38  3:28  Pylon  
  38  3:43  Stalker  
  34  4:18  Nexus  
  34  4:29  Robotics Facility  
  34  4:32  Twilight Council  
  34  4:55  Stalker x4  
  42  5:54  Stalker x4  
  50  5:58  Probe x2  
  52  6:04  Pylon  
  52  6:10  Probe x2  
  54  6:18  Pylon  
  54  6:22  Pylon  
  54  6:26  Robotics Bay  
  54  6:30  Stargate  
  54  6:34  Pylon  
  54  6:36  Pylon  
  54  6:42  Pylon  
  54  6:45  Stalker x4  
  62  7:04  Charge  
  62  7:06  Immortal  
  64  8:01  Stalker  
  64  8:02  Stalker x3  
  72  8:06  Immortal  
  76  8:26  Zealot x2  
  80  8:35  Nexus  
  80  8:37  Pylon  
  80  8:38  Pylon  
  80  8:39  Assimilator  
  80  8:41  Assimilator  
  62  9:22  Stalker x2  
  62  9:23  Stalker, Zealot  
Show
View Real Time Build Order
Export as new Build Order

tigro Terran - Winner!

Build Orders:  

Get SALT Encoding   

  12  0:13  SCV  
  13  0:15  Supply Depot  
  13  0:25  SCV  
  14  0:37  SCV  
  14  0:42  Barracks  
  15  0:49  SCV, Refinery  
  16  1:01  SCV  
  17  1:05  Refinery  
  17  1:13  SCV  
  18  1:25  SCV  
  18  1:29  Marine  
  20  1:42  Supply Depot  
  21  1:47  SCV, Marine  
  22  1:59  SCV  
  23  2:04  Marine  
  24  2:17  Factory  
  24  2:22  Marine  
  25  2:31  Engineering Bay  
  25  2:40  Marine  
  25  3:10  Marine  
  23  3:13  Factory Tech Lab  
  22  3:28  Marine  
  22  3:33  Barracks  
  23  3:46  Marine  
  24  3:59  Siege Tank  
  27  4:03  Marine  
  28  4:21  Marine  
  29  4:39  Marine  
  29  4:41  Supply Depot  
  29  4:44  Orbital Command  
  30  4:57  Marine  
  31  5:03  Siege Tank  
  34  5:15  Marine  
  35  5:35  Siege Tank  
  38  5:37  Barracks Tech Lab  
  38  5:42  Barracks Reactor  
  38  5:43  Command Center  
  38  6:17  Siege Tank  
  41  6:49  Siege Tank  
  41  7:18  Refinery  
  41  7:24  Marine x3  
  42  7:42  Marine x3  
  39  7:58  SCV  
  40  8:00  Marine x3  
  43  8:10  SCV  
  44  8:18  Marine x3  
  47  8:22  SCV  
  48  8:34  SCV  
  48  8:36  Marine  
  50  8:42  Armory  
  50  8:46  SCV  
  51  9:00  Marine x3  
  54  9:18  Marine x3  
  57  9:31  Starport  
Show
View Real Time Build Order
Export as new Build Order

MrFercho Zerg - Winner!

Build Orders: Pool First 

Get SALT Encoding   

  12  0:03  Drone  
  13  0:12  Overlord  
  13  0:22  Drone  
  14  0:36  Spawning Pool  
  14  0:38  Drone  
  14  0:41  Drone  
  15  0:45  Drone  
  16  0:56  Drone  
  17  0:59  Drone  
  18  1:10  Extractor  
  17  1:14  Drone  
  18  1:30  Queen  
  20  1:33  Drone  
  20  1:37  Drone  
  20  1:39  Hatchery  
  21  1:47  Zergling x2  
  22  1:58  Overlord  
  22  2:05  Overlord  
  22  2:17  Zergling x2  
  23  2:23  Metabolic Boost  
  23  2:26  Zergling x2  
  24  2:38  Zergling x2  
  24  2:39  Zergling x4  
  24  2:43  Zergling x2  
  27  3:04  Queen  
  29  3:08  Zergling x8  
  31  3:22  Zergling x2  
  31  3:23  Zergling x4  
  28  3:35  Zergling x2  
  28  3:36  Zergling x4  
  31  3:46  Zergling x2  
  27  3:57  Hatchery  
  25  4:14  Evolution Chamber  
  25  4:16  Drone x2  
  26  4:19  Zergling x2  
  27  4:34  Zergling x2  
  28  4:45  Zergling x2  
  29  4:48  Overlord x3  
  28  5:07  Zergling x4  
  28  5:13  Zergling x4  
  32  5:23  Roach Warren  
  32  5:24  Zerg Missile Weapons Level 1  
  32  5:25  Zergling x8  
  34  5:49  Zergling x12  
  40  5:56  Zergling x2  
  34  6:13  Overlord  
  34  6:14  Overlord x2  
  34  6:18  Roach  
  34  6:19  Roach x3  
  37  6:48  Zergling x10  
  42  7:00  Lair  
  42  7:02  Drone x3  
  45  7:27  Hatchery  
  44  7:39  Zergling x2  
  44  7:40  Zergling x10  
  47  8:13  Zergling x6  
  47  8:14  Zergling x6  
  52  8:34  Zergling x4  
  44  9:08  Zergling x2  
  44  9:09  Zergling x10  
  45  9:16  Extractor  
Tags
 
Add a new tag
Caveats
  • Supply blocks, unpowered buildings, or Contaminate may cause inaccurate times.
  • Supply counts are checked every 10 seconds.